 Dungeon Crawl Stone Soup version 0.30-a0-715-gdb4ae3ece1 (webtiles) character file.

Game seed: 4575375295473962767

3132 warriortoast the Skirmisher (level 9, -5/51 HPs)
             Began as a Spriggan Hunter on Jan 24, 2023.
             Was a Believer of Fedhas.
             Slain by an ogre
             ... wielding a +0 halberd
              (21 damage)
             ... in a bailey.
             The game lasted 00:24:09 (9302 turns).

warriortoast the Skirmisher (Spriggan Hunter)       Turns: 9302, Time: 00:24:10

Health: -5/51      AC:  3    Str:  7    XL:     9   Next: 61%
Magic:  10/10      EV: 19    Int: 11    God:    Fedhas [**....]
Gold:   395        SH:  5    Dex: 28    Spells: 8/8 levels left

rFire   . . .      SeeInvis +    a - +0 shortbow
rCold   + + .      Faith    .    (shield currently unavailable)
rNeg    . . .      Spirit   .    c - +1 robe
rPois   .          Reflect  +    (helmet restricted)
rElec   .          Harm     .    (no cloak)
rCorr   .          Rampage  .    (gloves unavailable)
Will    +....                    (boots unavailable)
Stlth   +++                      v - amulet "Ixuntos" {Reflect rC++ SH+5}
HPRegen 0.28/turn                m - +6 ring of dexterity
MPRegen 0.12/turn                (no ring)

@: hasted, studying Short Blades, very quick
A: very small, no large weapons, unfitting armour, see invisible, speed 3
a: Renounce Religion, Wall of Briars


You were in a bailey.
You worshipped Fedhas.
Fedhas was pleased with you.
You visited 2 branches of the dungeon, and saw 8 of its levels.
You also visited: Sewer and Bailey.

You collected 395 gold pieces.

Inventory:

Hand Weapons
 a - a +0 shortbow (weapon)
 t - a +2 demon whip of flaming
Armour
 c - a +1 robe (worn)
 u - a +0 buckler
Jewellery
 m - a +6 ring of dexterity (left hand)
 o - an amulet of faith
 v - the amulet "Ixuntos" (around neck) {Reflect rC++ SH+5}
   (You found it on level 7 of the Dungeon)

   [amulet of reflection]

   It reflects blocked missile attacks.
   rC:        It greatly protects you from cold.
   SH:        It affects your SH (+5).
Wands
 l - a wand of paralysis (7)
Scrolls
 b - 2 scrolls of immolation
 d - 2 scrolls of identify
 h - a scroll of teleportation
 i - 2 scrolls of fog
 n - 2 scrolls of noise
 p - a scroll of enchant armour
Potions
 e - a potion of attraction
 f - a potion of haste
 g - 4 potions of curing
 k - a potion of might
 q - a potion of flight
 r - 4 potions of mutation {unknown}
 s - a potion of invisibility {unknown}


   Skills:
 + Level 8.2 Fighting
 + Level 10.4 Ranged Weapons
 - Level 2.6 Dodging
 - Level 1.5 Stealth


You had 8 spell levels left.
You didn't know any spells.
Your spell library contained the following spells:

 Spells                   Type           Power      Damage    Failure   Level
 Cigotuvi's Dreadful Rot  Necr/Pois/Air  0%         N/A       47%         2
 Ensorcelled Hibernation  Hex/Ice        0%         N/A       47%         2
 Poisonous Vapours        Pois/Air       0%         N/A       47%         2
 Mephitic Cloud           Conj/Pois/Air  0%         N/A       71%         3
 Spider Form              Tmut/Pois      0%         N/A       71%         3
 Anguish                  Hex/Necr       0%         N/A       98%         4
 Dispel Undead            Necr           0%         3d6       98%         4
 Death Channel            Necr           0%         N/A       100%        6


Dungeon Overview and Level Annotations

Branches:
Dungeon (7/15)             Temple (1/1) D:5           Sewer (visited)
 Bailey (1/1)

Altars:
Cheibriados
Dithmenos
Elyvilon
Fedhas
Hepliaklqana
Makhleb
Nemelex Xobeh
Okawaru
Qazlal
Ru
Trog
Wu Jian
Yredelemnul
Zin

Shops:
D:4 *   D:7 ?

Annotations:
D:6 Edmund, Maggie
D:7 3 runed translucent doors, hikkokomori's ghost, novice GnFi


Innate Abilities, Weirdness & Mutations

You are very small and have problems with some larger weapons.
You are too small for most types of armour.
You have supernaturally acute eyesight. (SInv)
You cover ground extremely quickly. (Speed+++)


Message History

You feel much better.
You shoot an arrow. The arrow barely misses the spriggan.
You shoot an arrow. The arrow closely misses the spriggan.
The spriggan hits you from afar with a +0 spear!
You enter the shallow water.
Moving in this stuff is going to be slow.
The ogre hits you from afar with a +0 halberd!
* * * LOW HITPOINT WARNING * * *
You see here a +0 glaive.
The ogre completely misses you.
You see here a +0 glaive.
You are too injured to fight recklessly!
Fire: a) +0 shortbow
Press: ? - help, Q - select action, (/) - cycle Shift-Dir - straight line, f/p - spriggan
Aim: a spriggan, wielding a +0 spear (54% to hit)
You shoot an arrow. The arrow barely misses the spriggan.
Okay, then.
You feel much better.
A spriggan comes into view. It is wielding a +0 trident.
You shoot an arrow. The arrow closely misses the spriggan.
The spriggan shouts!
You shoot an arrow. The arrow barely misses the spriggan.
You shoot an arrow. The arrow hits the spriggan!
The spriggan is heavily wounded.
You block the spriggan's attack.
You shoot an arrow. The arrow barely misses the spriggan.
You shoot an arrow. The arrow hits the spriggan!
The spriggan is almost dead.
The spriggan hits you from afar with a +0 spear.
You shoot an arrow. The arrow hits the spriggan.
You kill the spriggan!
Fedhas appreciates your contribution to the ecosystem.
You hear a splash.
You shoot an arrow. The arrow barely misses the spriggan.
The spriggan completely misses you.
The ogre hits you from afar with a +0 halberd!
The two-headed ogre shouts in stereo!
The ogre hits you with a +0 halberd!!
You die...
Fedhas appreciates your contribution to the ecosystem.

#########
##.......##
##....i....##
##.O#♣#♣###..##
##..♣#.. ##..##
##..##.. ##..##
#...# . ♣♣..#
#...#.♣ #..~
#.@~#.♣ #..~
#.O~~.♣ #..~
#..)#.♣ #..~
#...♣.♣ #.i~
#..i# O ♣#.O#
##i.♣#.. ♣#i.##
##..##.. ♣#..##
##..♣#♣####..##
##..O....iO##


You could see a two-headed ogre, an ogre and 2 spriggans.

Vanquished Creatures
  Pikel (D:5)
  A spriggan (Bailey)
  A wyvern (D:7)
  A steam dragon (D:5)
  A water moccasin (D:6)
  An orc warrior (D:7)
  An ice beast (D:5)
  A sky beast (D:6)
  A black bear (D:5)
  3 ogres
  A phantom (D:5)
  2 lemures (D:5)
  2 bullfrogs
  A wyvern zombie (D:7)
  A gnoll sergeant (D:7)
  5 scorpions
  4 wights
  A hound (D:5)
  3 jellies
  2 orc priests
  Jessica (D:3)
  2 iguanas (D:5)
  2 orc wizards
  A killer bee zombie (D:7)
  7 gnolls
  2 river rats (Sewer)
  16 adders
  A white imp (D:7)
  3 worms
  5 dart slugs
  12 orcs
  22 endoplasms
  7 giant cockroaches
  9 goblins
  7 hobgoblins
  4 jackals (D:2)
  9 quokkas
  6 ball pythons
  7 bats
  8 frilled lizards
  7 kobolds
  11 rats
183 creatures vanquished.

Vanquished Creatures (others)
  19 fungi (D:6)
  2 plants (D:5)
21 creatures vanquished.

Grand Total: 204 creatures vanquished

Notes
Turn   | Place    | Note
-------+----------+-------------------------------------------
     0 | D:1      | warriortoast the Spriggan Hunter began the quest for the
                  | Orb.
     0 | D:1      | Reached XP level 1. HP: 10/10 MP: 2/2
    69 | D:1      | Reached XP level 2. HP: 15/15 MP: 3/3
   626 | D:1      | Reached XP level 3. HP: 17/18 MP: 4/4
  1400 | D:2      | Reached XP level 4. HP: 23/23 MP: 5/5
  1435 | D:2      | Reached skill level 5 in Ranged Weapons
  1859 | D:2      | Found a sacrificial altar of Ru.
  2143 | D:3      | Reached XP level 5. HP: 28/28 MP: 6/6
  2166 | D:3      | Found an ornate altar of the Wu Jian Council.
  2246 | D:3      | Noticed Jessica
  2254 | D:3      | Killed Jessica
  2905 | D:3      | Found a burning altar of Makhleb.
  3843 | D:4      | Found a bloodstained altar of Trog.
  3844 | D:4      | Found a sparkling altar of Nemelex Xobeh.
  3844 | D:4      | Found a snail-covered altar of Cheibriados.
  4220 | D:4      | Found Yclulit's Serpentskin Sales.
  4270 | D:4      | Reached XP level 6. HP: 16/33 MP: 7/7
  4424 | D:5      | Entered Level 5 of the Dungeon
  4671 | D:5      | Found a glowing drain.
  4685 | Sewer    | Entered a sewer
  4794 | Sewer    | Reached skill level 6 in Ranged Weapons
  5002 | Sewer    | Found a viscous altar of Jiyva.
  5095 | D:5      | Found a staircase to the Ecumenical Temple.
  5114 | D:5      | Noticed an ice beast
  5383 | D:5      | Killed an ice beast
  5384 | D:5      | Reached XP level 7. HP: 36/38 MP: 8/8
  5441 | Temple   | Entered the Ecumenical Temple
  5495 | Temple   | Became a worshipper of Fedhas Madash
  5768 | D:5      | Reached skill level 5 in Fighting
  5768 | D:5      | Reached skill level 7 in Ranged Weapons
  6422 | D:5      | Noticed Pikel
  6562 | D:5      | Killed Pikel
  6563 | D:5      | Reached skill level 8 in Ranged Weapons
  6563 | D:5      | Reached XP level 8. HP: 44/44 MP: 9/9
  6962 | D:6      | Noticed Maggie
  7019 | D:6      | Noticed Edmund
  7328 | D:5      | Reached * piety under Fedhas
  7575 | D:5      | Reached skill level 9 in Ranged Weapons
  8033 | D:6      | Reached XP level 9. HP: 29/50 MP: 10/10
  8563 | D:7      | Found a runed translucent gate.
  8563 | D:7      | Found a runed translucent gate.
  8563 | D:7      | Found a runed translucent gate.
  8563 | D:7      | Noticed hikkokomori's ghost (novice GnFi)
  8565 | D:7      | Found a basalt altar of Yredelemnul.
  8963 | D:7      | Reached skill level 10 in Ranged Weapons
  9063 | D:7      | Found Vepnurch's Magic Scroll Boutique.
  9163 | D:7      | Found a flagged portal.
  9175 | D:7      | Identified the amulet "Ixuntos" {Reflect rC++ SH+5}
  9188 | Bailey   | Entered a bailey
  9212 | Bailey   | Reached ** piety under Fedhas
  9247 | Bailey   | Noticed a two-headed ogre
  9302 | Bailey   | Slain by an ogre

Illustrated notes

Levels and vault maps discovered:
D:1:      spicycebolla_arrival_xxxplode, layout_basic, minmay_cut_off
D:2:      minmay_skewed_foursquare, layout_loops_ring, basic_altar,
          grunt_ministairs_1, nicolae_eternal_life
D:3:      layout_loops_ring, marbit_many_paths, lightli_temple_of_fire,
          minmay_ruptured, uniq_jessica
D:4:      minmay_general_purpose_star, layout_loops_ring,
          grunt_temple_overflow_open, guppyfry_shop_venom
D:5:      layout_cave_pods, minmay_temple_entry_overgrown,
          cheibrodos_sewer_entry_drain, lightli_corner_chamber, uniq_pikel
D:6:      old_forge, layout_basic, uniq_edmund, uniq_maggie
D:7:      layout_loops_cross, nicolae_yredelemnul_ghost_church, serial_shops,
          nicolae_shop_waterfront, enter_bailey_5, minmay_misc_feat_enclosed,
          chequers_serial_rivers_small_a
Temple:   jpeg_temple_clearing
Bailey:   bailey_polearm_enchanted_keep_hellmonk, bailey

Skill      XL: |  1  2  3  4  5  6  7  8  9 |
---------------+----------------------------+-----
Fighting       | 2 3 4 6 7 8 |  8.2
Ranged Weapons | 5 6 8 9 10 | 10.4
Dodging        | |  2.6
Stealth        | |  1.5

Action                     |  1- 3 |  4- 6 |  7- 9 || total
---------------------------+-------+-------+-------++-------
   Fire: Shortbow          |   113 |   283 |   366 ||   762
    Use: Scroll            |       |     6 |     8 ||    14
         Potion            |       |       |     5 ||     5
 Armour: Robe              |     2 |    11 |    12 ||    25
  Dodge: Dodged            |    43 |   109 |   105 ||   257
  Block: Other             |       |       |     4 ||     4

Table legend: (Time is in decaauts)
 A = Elapsed time spent in this place.
 B = Non-inter-level travel time spent in this place.
 C = Inter-level travel time spent in this place.
 D = Time resting spent in this place.
 E = Time spent auto-exploring this place.
 F = Levels seen in this place.
 G = Mean time per level.
                   A        B        C        D        E       F      G
               +--------+--------+--------+--------+--------+-----+--------+
         Total |   7141 |   6892 |    249 |   2048 |   2808 |  10 |  714.1 |
       Dungeon |   6715 |   6471 |    244 |   2048 |   2612 |   7 |  959.3 |
        Temple |     40 |     35 |      5 |      0 |     16 |   1 |   40.0 |
         Sewer |    312 |    312 |      0 |      0 |    170 |   1 |  312.0 |
        Bailey |     74 |     74 |      0 |      0 |      9 |   1 |   74.0 |
               +--------+--------+--------+--------+--------+-----+--------+

Top non-repeatable levels by time:
     D:5: 1680 daAuts
     D:2: 1412 daAuts
     D:4: 984 daAuts
     D:6: 776 daAuts
     D:1: 702 daAuts
     D:3: 602 daAuts
     D:7: 555 daAuts
   Sewer: 312 daAuts
  Bailey: 74 daAuts
  Temple: 40 daAuts
